 Dungeon Crawl Stone Soup version 0.30-a0-878-gc727b3d3d6 (webtiles) character file.

Game seed: 4909092870727559123

102 M4edhros the Cudgeller (level 4, 0/31 HPs)
             Began as an Octopode Chaos Knight on Mar 12, 2023.
             Was a Plaything of Xom.
             Slain by a phantom (3 damage)
             ... on level 4 of the Dungeon.
             The game lasted 00:02:43 (8519 turns).

M4edhros the Cudgeller (Octopode Chaos Knight)      Turns: 8519, Time: 00:02:44

Health: 0/31       AC:  1    Str:  9      XL:     4   Next: 78%
Magic:  4/4        EV: 13    Int: 20 (21) God:    Xom [..*...]
Gold:   197        SH:  4    Dex:  9      Spells: 3/3 levels left

rFire   + . .      SeeInvis .    l - +1 mace of the Uplifting Lamprey {venom, rC- Int+9 Dex-2 Stlth+}
rCold   . . .      Faith    .    (no shield)
rNeg    . . .      Spirit   .    o - +0 hat of Holeq {Stlth+}
rPois   +          Reflect  .    (no amulet)
rElec   +          Rampage  .    (no ring)
rCorr   +          Rage     3%   (no ring)
Will    .....                    (no ring)
Stlth   ++++                     (no ring)
HPRegen 0.25/turn                (no ring)
MPRegen 0.09/turn                (no ring)
                                 (no ring)
                                 (no ring)

@: resistant, unable to read
A: almost no armour, amphibious, 8 rings, camouflage 1, gelatinous body 1,
(nimble swimmer 1), tentacles, large bone plates 1, berserk 1, clumsy 1,
deterioration 2, dopey 1, screaming 1, weak 1, inability to drink after injury
1, inability to read after injury 1
a: Renounce Religion


You were on level 4 of the Dungeon.
You worshipped Xom.
You were a toy of Xom.
You visited 1 branch of the dungeon, and saw 4 of its levels.

You collected 197 gold pieces.

Inventory:

Hand Weapons
 a - a +0 mace of chaos
 l - the +1 mace of the Uplifting Lamprey (weapon) {venom, rC- Int+9 Dex-2 Stlth+}
   (You found it on level 2 of the Dungeon)

   Int:       It affects your intelligence (+9).
   Dex:       It affects your dexterity (-2).
   rC:        It makes you vulnerable to cold.
   Stlth:     It makes you more stealthy.
Armour
 o - the +0 hat of Holeq (worn) {Stlth+}
   (Xom gifted it to you on level 3 of the Dungeon)

   Stlth:     It makes you more stealthy.
 x - a +0 leather armour
Wands
 r - a wand of iceblast (8)
Scrolls
 c - 2 scrolls of fear {unknown}
 e - 3 scrolls of teleportation {unknown}
 f - a scroll of amnesia {unknown}
 g - a scroll of vulnerability {unknown}
 i - 2 scrolls of poison {unknown}
 k - a scroll of noise {unknown}
 p - a scroll of torment {unknown}
 t - a scroll of summoning {unknown}
 v - a scroll of fog {unknown}
 w - a scroll of magic mapping {unknown}
Potions
 d - 4 potions of curing {unknown}
 h - a potion of heal wounds {unknown}
 j - 2 potions of brilliance {unknown}
 n - a potion of lignification {unknown}
 q - a potion of invisibility {unknown}
 s - a potion of haste {unknown}
 u - 2 potions of flight {unknown}
Miscellaneous
 b - a piece from Xom's chessboard (15/15) (quivered)


   Skills:
 - Level 3.0 Fighting
 + Level 5.3 Maces & Flails
 - Level 2.3 Dodging


You had 3 spell levels left.
You didn't know any spells.
Your spell library contained the following spells:

 Spells                   Type           Power      Damage    Failure   Level
 Lesser Beckoning         Tloc           0%         N/A       28%         2
 Gell's Gravitas          Tloc           0%         N/A       50%         3
 Teleport Other           Tloc           0%         N/A       50%         3
 Dispersal                Tloc           0%         N/A       100%        6


Dungeon Overview and Level Annotations

Branches:
Dungeon (4/15)
 Temple: D:4-7

Altars:
Ashenzari


Innate Abilities, Weirdness & Mutations

You cannot wear most types of armour.
You are amphibious.
You can wear up to eight rings at the same time.
Your skin changes colour to match your surroundings (Stealth+).
Your rubbery body absorbs attacks. (AC +1, EV +1)
((You are camouflaged when in or above water. (Stealth+)))
You have tentacles for arms and can constrict up to eight enemies at once.
You are partially covered in large bone plates. (SH +4)
You sometimes lose your temper in combat.
You are clumsy. (Dex -2)
Your body often deteriorates upon taking damage.
You are dopey. (Int -2)
You occasionally shout uncontrollably at your foes.
You are weak. (Str -2)
You occasionally lose the ability to drink potions when taking damage.
You occasionally lose the ability to read scrolls when taking damage.


Message History

You aren't wearing any rings or amulets.
Aiming: Iceblast
Press: ? - help, Shift-Dir - straight line The mass of ice explodes!
The iceblast engulfs the phantom.
The phantom partially resists.
The phantom is moderately damaged.
You hear a shout! x2
You block the phantom's attack.
Unknown command.
Unknown command.
Aiming: Iceblast
Press: ? - help, Shift-Dir - straight line The mass of ice explodes!
The iceblast engulfs the phantom.
The phantom partially resists.
The phantom is moderately damaged.
The phantom closely misses you.
Unknown command.
Unknown command.
Unknown command.
Unknown command.
Aiming: Iceblast
Press: ? - help, Shift-Dir - straight line The mass of ice explodes!
The iceblast engulfs the phantom!
The phantom partially resists.
The phantom is heavily damaged.
You can drink potions again.
The phantom hits you.
* * * LOW HITPOINT WARNING * * *
The phantom blinks!
You blink.
Unknown command.
Aiming: Iceblast
Press: ? - help, Shift-Dir - straight line The mass of ice explodes!
The iceblast engulfs your butterfly!
You kill your butterfly!
Your butterfly disappears in a puff of smoke!
The iceblast engulfs the phantom.
The phantom partially resists.
The phantom is severely damaged.
The phantom hits you.
You die...
Xom snickers!

.g##......##
...#........
...#(....... .#
......... ##.
.........
####.####........
#.<#.............
#....§.W.........
#..#...@####§....
##..#.b##.b##.....
#.................
##§§......###....
#####..### ...
####...# .
###....#.####
##.....##....#
#...).....#...


You could see a phantom (ally target).

Vanquished Creatures
  4 adders
  3 dart slugs
  An orc (D:3)
  8 endoplasms
  3 giant cockroaches
  3 goblins
  5 hobgoblins
  6 jackals
  A quokka (D:2)
  7 ball pythons
  6 bats
  2 frilled lizards
  2 kobolds
  4 rats
55 creatures vanquished.

Notes
Turn   | Place    | Note
-------+----------+-------------------------------------------
     0 | D:1      | M4edhros the Octopode Chaos Knight began the quest for the
                  | Orb.
     0 | D:1      | Reached XP level 1. HP: 16/16 MP: 1/1
    85 | D:1      | Reached XP level 2. HP: 18/21 MP: 2/2
   115 | D:1      | XOM: silly message
   123 | D:1      | XOM: cloud trail
   193 | D:1      | XOM: divination: detect items
   616 | D:1      | Reached skill level 4 in Maces & Flails
   664 | D:2      | Reached XP level 3. HP: 14/26 MP: 3/3
   701 | D:2      | XOM: give mutation
   701 | D:2      | Gained mutation: You are robust. (+10% HP) [Xom's mischief]
   776 | D:2      | Found a broken altar of Ashenzari.
  1039 | D:2      | XOM: 7-stop teleportation journey
  1172 | D:2      | Identified the +1 mace of the Uplifting Lamprey {venom, rC-
                  | Int+9 Dex-2 Stlth+}
  1340 | D:3      | XOM: polymorph jackal -> goblin
  1346 | D:3      | Reached XP level 4. HP: 14/34 MP: 4/4
  1517 | D:3      | XOM: 5-stop teleportation journey
  1521 | D:3      | Reached skill level 5 in Maces & Flails
  1796 | D:3      | XOM: god gift: 10 gold pieces
  1847 | D:3      | XOM is BORED!
  2019 | D:3      | XOM: give mutations
  2019 | D:3      | Gained mutation: You sometimes lose your temper in combat.
                  | [Xom's mischief]
  2019 | D:3      | Gained mutation: Your body sometimes deteriorates upon
                  | taking damage. [Xom's mischief]
  2019 | D:3      | Gained mutation: Your body often deteriorates upon taking
                  | damage. [Xom's mischief]
  2196 | D:4      | XOM: smoke on damage
  2266 | D:4      | Noticed a phantom
  2268 | D:4      | XOM: cast spell 'Call Canine Familiar'
  2872 | D:3      | Identified the +0 hat of Holeq {Stlth+} (Xom gifted it to
                  | you on level 3 of the Dungeon)
  2872 | D:3      | XOM: god gift: +0 hat of Holeq {Stlth+}
  3328 | D:3      | XOM: give mutations
  3328 | D:3      | Gained mutation: You have hidden genetic potential. [Xom's
                  | mischief]
  3328 | D:3      | Gained mutation: You are clumsy. (Dex -2) [Xom's mischief]
  3328 | D:3      | Lost mutation: You are robust. (+10% HP) [Xom's mischief]
  3328 | D:3      | Lost mutation: You have hidden genetic potential. [Xom's
                  | mischief]
  5401 | D:3      | XOM: give mutations
  5401 | D:3      | Gained mutation: You are weak. (Str -2) [Xom's mischief]
  5401 | D:3      | Gained mutation: You occasionally shout uncontrollably at
                  | your foes. [Xom's mischief]
  5462 | D:3      | XOM: give mutation
  5462 | D:3      | Gained mutation: You occasionally lose the ability to drink
                  | potions when taking damage. [Xom's mischief]
  5867 | D:3      | XOM: god gift: leather armour {god gift}
  5965 | D:3      | XOM: give mutation
  5965 | D:3      | Gained mutation: You are partially covered in large bone
                  | plates. (SH +4) [Xom's grace]
  6388 | D:3      | XOM: scenery: summon butterflies
  6530 | D:3      | XOM: give mutations
  6530 | D:3      | Gained mutation: You occasionally lose the ability to read
                  | scrolls when taking damage. [Xom's mischief]
  6530 | D:3      | Gained mutation: You are dopey. (Int -2) [Xom's mischief]
  7637 | D:3      | XOM: god gift: 10 gold pieces
  8504 | D:3      | XOM is BORED!
  8504 | D:3      | XOM: summons 3 hostile demons
  8514 | D:4      | XOM: butterfly on damage
  8519 | D:4      | Slain by a phantom

Illustrated notes

Levels and vault maps discovered:
D:1:      amcnicky_arrival_choice, layout_basic, serial_park_tiny_1
D:2:      layout_loops_ring, basic_altar
D:3:      layout_basic, hangedman_decor_growths
D:4:      layout_cave_pools, minmay_temple_entry_statues, uniq_grinder

Skill      XL: |  1  2  3  4 |
---------------+-------------+-----
Maces & Flails | 4 5 |  5.3
Fighting       | |  3.0
Dodging        | |  2.3

Action                     |  1- 3 |  4- 6 || total
---------------------------+-------+-------++-------
  Melee: Mace              |    66 |    31 ||    97
         Tentacles         |    19 |     7 ||    26
         Constrict         |    16 |     6 ||    22
         Punch             |     1 |       ||     1
  Evoke: Wand              |       |     4 ||     4
    Use: Potion            |       |     2 ||     2
   Stab: Sleeping          |     9 |     4 ||    13
 Armour: Skin              |     9 |     4 ||    13
  Dodge: Dodged            |    47 |    28 ||    75
  Block: Other             |       |     2 ||     2

Table legend: (Time is in decaauts)
 A = Elapsed time spent in this place.
 B = Non-inter-level travel time spent in this place.
 C = Inter-level travel time spent in this place.
 D = Time resting spent in this place.
 E = Time spent auto-exploring this place.
 F = Levels seen in this place.
 G = Mean time per level.
                   A        B        C        D        E       F      G
               +--------+--------+--------+--------+--------+-----+--------+
         Total |   8536 |   8483 |     53 |   6220 |   1830 |   4 | 2134.0 |
       Dungeon |   8536 |   8483 |     53 |   6220 |   1830 |   4 | 2134.0 |
               +--------+--------+--------+--------+--------+-----+--------+

Top non-repeatable levels by time:
     D:3: 7102 daAuts
     D:2: 682 daAuts
     D:1: 655 daAuts
     D:4: 97 daAuts
